 Dungeon Crawl Stone Soup version 0.19.3-4-gbf9329e (webtiles) character file.

63 empire the Grave Robber (level 3, -3/26 HPs)
             Began as a Mummy Necromancer on Jan 30, 2017.
             Slain by Jessica
             ... wielding a +0 club
              (5 damage)
             ... on level 2 of the Dungeon.
             The game lasted 00:03:07 (2168 turns).

empire the Grave Robber (Mummy Necromancer)         Turns: 2168, Time: 00:03:08

Health: -3/26      AC:  2    Str: 11    XL:     3   Next: 87%
Magic:  3/7        EV: 12    Int: 15    God:
Gold:   79         SH:  0    Dex: 12    Spells: 2 memorised, 3 levels left

rFire  x . .     SeeInvis .     a - +0 mace
rCold  + . .     Gourm    .     d - +0 robe
rNeg   + + +     Faith    .     (no shield)
rPois  ∞         Spirit   .     (no helmet)
rElec  .         Reflect  .     (no cloak)
rCorr  .         Harm     .     (no gloves)
MR     .....                    (no boots)
Stlth  ++........               (no amulet)
                                (no ring)
                                (no ring)

@: very slightly contaminated
A: no food or potions, fire vulnerability, cold resistance 1, negative energy
resistance 3, torment resistance, unbreathing
a: no special abilities


You were on level 2 of the Dungeon.
You were not hungry.

You visited 1 branch of the dungeon, and saw 2 of its levels.

You collected 79 gold pieces.

Inventory:

Hand Weapons
 a - a +0 mace (weapon)
Armour
 d - a +0 robe (worn)
 e - a cursed -2 chain mail
Scrolls
 c - a scroll of recharging {unknown}
 f - 2 scrolls of identify {unknown}
 g - a scroll of teleportation {unknown}
Books
 b - a book of Necromancy

   Spells                             Type                      Level
   a - Pain                           Necromancy                   1
   b - Animate Skeleton               Necromancy                   1
   c - Vampiric Draining              Necromancy                   3
   d - Regeneration                   Charms/Necromancy            3
   e - Animate Dead                   Necromancy                   4
   f - Control Undead                 Necromancy                   4


   Skills:
 + Level 1.2 Fighting
 - Level 1.5 Dodging
 - Level 1.5 Stealth
 * Level 2.9 Spellcasting
 * Level 4.7 Necromancy


You had 3 spell levels left.
You knew the following spells:

 Your Spells              Type           Power        Failure   Level  Hunger
a - Pain                  Necr           ###.         3%          1    N/A
b - Vampiric Draining     Necr           ###.......   12%         3    N/A

Dungeon Overview and Level Annotations

Branches:
Dungeon (2/15)

Altars:

Annotations:
D:2 Jessica


Innate Abilities, Weirdness & Mutations

You do not eat or drink.
Your flesh is vulnerable to fire.
You are immune to poison.
Your flesh is cold resistant. (rC+)
You are immune to negative energy. (rN+++)
You are immune to unholy pain and torment.
You can survive without breathing.


Message History

Aim: Jessica, wielding a club and wearing a robe (chance to defeat MR: 81%) Jessica barely resists.
Jessica gestures wildly while chanting.
Jessica seems to speed up.
Casting: Pain
Confirm with . or Enter, or press ? or * to list all spells.
Aiming: Pain
Press: ? - help, Shift-Dir - straight line, f/p - Jessica
Aim: Jessica, wielding a club and wearing a robe (fast, chance to defeat MR: 81%) Jessica barely resists.
Jessica misses you.
Casting: Pain
Confirm with . or Enter, or press ? or * to list all spells.
Aiming: Pain
Press: ? - help, Shift-Dir - straight line, f/p - Jessica
Aim: Jessica, wielding a club and wearing a robe (fast, chance to defeat MR: 81%)
You miscast Pain.
You are very lightly contaminated with residual magic.
You hear strange and distant voices.
Jessica hits you with a club.
You die...

#.##.###### #.##
##.#...## # ...
....(....# # ..#
#.#.#....#### ...
#.##....... #.#
#%####...## #.# #.#
#...## #)# #.# #.....
#@# #.####..###
..####@######..........
#.................>..###
#.......................
##############..........
###########


You could see Jessica.

Vanquished Creatures
  2 adders (D:2)
  An ooze (D:1)
  2 worms (D:2)
  2 dart slugs
  4 goblins
  4 hobgoblins
  A ball python (D:1)
  7 bats
  4 frilled lizards
  5 kobolds
  A rat (D:1)
33 creatures vanquished.

Notes
Turn   | Place    | Note
-------+----------+-------------------------------------------
     0 | D:1      | empire the Mummy Necromancer began the quest for the Orb.
     0 | D:1      | Reached XP level 1. HP: 13/13 MP: 3/3
   821 | D:1      | Reached XP level 2. HP: 14/20 MP: 0/5
  1275 | D:1      | Reached skill level 1 in Fighting
  1617 | D:2      | Reached XP level 3. HP: 26/26 MP: 0/6
  2125 | D:2      | Learned a level 3 spell: Vampiric Draining
  2154 | D:2      | Noticed Jessica
  2164 | D:2      | HP: 1/26 [frilled lizard (1)]
  2168 | D:2      | Slain by Jessica

Skill      XL: |  1  2 |
---------------+-------+-----
Fighting       | 1 |  1.2
Dodging        | |  1.5
Stealth        | |  1.5
Spellcasting   | |  2.9
Necromancy     | |  4.7

Action                   || total
-------------------------++-------
Melee: Mace              ||    50
 Cast: Pain              ||    53
 Stab: Sleeping          ||     2
Armor: Robe              ||    17
Dodge: Dodged            ||    69
